Cogmind - Beta 13 @@@ ROGUE MODE // 2024.04.07 @ 13:08:20 Player: dohmmass Result: Destroyed by X-62 Marksman with Gauss Rifle Performance ------------- Evolutions (2) 1000 Regions Visited (4) 800 Robots Destroyed (44) 220 Value Destroyed (1028) 1028 Prototype IDs (0) 0 Alien Tech Used (0) 0 Bonus (68) 68 TOTAL SCORE: 3116 Bonus ------- High Alert Combat Kills 68 Cogmind --------- Core Integrity 0/550 Matter 7/300 Energy 100/100 System Corruption 7% Temperature Cool (0) Movement Rolling (90) Location -8/Materials Parts ------- > --- POWER (1) -------- (None) > --- PROPULSION (2) --- Armored Wheel > --- UTILITY (6) ------ Terrain Scan Processor Armor Integrity Analyzer Microactuators > --- WEAPON (2) ------- (None) > --- INVENTORY (5) ---- Improved Terrain Scan Processor Microactuators Heavy Flail Scythe Peak State ------------ > --- POWER ------------ Light Nuclear Core > --- PROPULSION ------- Wheel Wheel > --- UTILITY ---------- Improved Terrain Scanner Terrain Scan Processor Microactuators Microactuators Scrap Shield > --- WEAPON ----------- Assault Rifle Rocket Launcher > --- INVENTORY -------- Kinecellerator Microactuators Scrap Shield Fragment Scrap Shield Fragment [Rating: 26] Favorites ----------- Power Light Nuclear Core Engine Light Ion Engine Power Core Light Nuclear Core Propulsion Wheel Wheel Wheel Utility Improved Terrain Scanner Device Improved Terrain Scanner Processor Terrain Scan Processor Protection Scrap Shield Weapon Assault Rifle Energy Gun Medium Laser Ballistic Gun Assault Rifle Launcher Rocket Launcher Build | -11 -10 -10 -10 -8 ------- Run | Yrd Mat Min Sub Mat Slots Evolved 4 | . . . . 4 Power . | . . . . . Propulsion . | . . . . . Utility 4 | . . . . 4 Weapon . | . . . . . Parts Attached 30 | 6 4 9 . 11 Power 3 | 1 1 1 . . Engine 2 | 1 1 . . . Core 1 | . . 1 . . Reactor . | . . . . . Propulsion 8 | 2 1 1 . 4 Treads . | . . . . . Leg . | . . . . . Wheel 8 | 2 1 1 . 4 Hover . | . . . . . Flight . | . . . . . Utility 10 | 1 . 3 . 6 Device 7 | 1 . 2 . 4 Storage . | . . . . . Processor 2 | . . 1 . 1 Hackware . | . . . . . Protection 1 | . . . . 1 Artifact . | . . . . . Weapon 9 | 2 2 4 . 1 Energy Gun 2 | 1 . 1 . . Energy Cannon . | . . . . . Ballistic Gun 5 | 1 2 1 . 1 Ballistic Cannon . | . . . . . Launcher 2 | . . 2 . . Special Weapon . | . . . . . Impact Weapon . | . . . . . Slashing Weapon . | . . . . . Piercing Weapon . | . . . . . Special Melee Weapon . | . . . . . Unidentified Prototypes . | . . . . . Parts Lost 12 | . 1 1 . 10 Power 2 | . 1 . . 1 Propulsion 4 | . . 1 . 3 Utility 4 | . . . . 4 Weapon 2 | . . . . 2 Highest Loss Streak 9 | . 1 1 . 9 To Critical Strikes 1 | . . . . 1 Average Slot Usage (%) 77 | . 71 89 100 74 Engine 6 | . 12 2 . . Core 5 | . . 11 14 7 Wheel 23 | . 28 22 28 17 Device 10 | . 1 21 14 16 Processor 4 | . . 1 14 10 Protection 2 | . . . . 7 Energy Gun 2 | . 5 . . . Ballistic Gun 17 | . 22 23 14 7 Launcher 3 | . . 3 14 7 Naked Turns . | . . . . . Heaviest Build 36 | 9 9 13 12 36 Greatest Support 24 | 20 20 20 20 24 Greatest Overweight (x) 1 | . . 1 . 1 Average Overweight (x) . | . . . . . Largest Inventory Capacity 5 | 5 5 5 5 5 Average Capacity 5 | 5 5 5 5 5 Most Carried 5 | 5 5 5 5 5 Average Carried 3 | . 3 3 4 4 Final Capacity 5 | 5 5 5 5 5 Final Carried 5 | . 5 4 5 4 Class Distribution -------------------- 63% | Mutant 36% | Scavenger-Mutant Dominant Class ---------------- Mutant | -10/Materials Mutant | -10/Mines Scavenger-Mutant | -10/Subcaves Scavenger-Mutant | -8/Materials Resources | -11 -10 -10 -10 -8 ----------- Run | Yrd Mat Min Sub Mat Matter Collected 713 | 273 197 108 88 47 Remotely . | . . . . . Salvage Created 1065 | 127 380 157 . 401 Parts 87 | 6 35 19 . 27 Haulers Intercepted 1 | . 1 . . . Recyclers Shooed . | . . . . . Parts Field Recycled . | . . . . . Retrieved Matter . | . . . . . Parts Self-Destructed 5 | . . . 5 . Prevented . | . . . . . Kills | -11 -10 -10 -10 -8 ------- Run | Yrd Mat Min Sub Mat Combat Hostiles Destroyed 22 | . 5 4 . 13 Guns 11 | . 5 4 . 2 AOE 11 | . . . . 11 Classes Destroyed 12 | 2 6 1 . 3 Worker 2 | . 2 . . . Builder 6 | . 4 1 . 1 Tunneler 6 | 3 . 2 . 1 Hauler 1 | . 1 . . . Recycler 2 | 1 . . . 1 Operator 1 | . 1 . . . Watcher 4 | . 2 . . 2 Swarmer 6 | . . 2 . 4 Grunt 13 | . 5 2 . 6 Brawler 1 | . . . . 1 Specialist 1 | . . . . 1 Hunter 1 | . . . . 1 Best Kill Streak 9 | 3 3 2 . 9 Combat Bots Only 6 | . 2 2 . 6 Max Kills in Single Turn 3 | 1 1 1 . 3 Gunslinging . | . . . . . Exploded 3 | . . . . 3 Melee . | . . . . . Uniques/NPCs Destroyed . | . . . . . Combat | -11 -10 -10 -10 -8 -------- Run | Yrd Mat Min Sub Mat Hostile Shots Fired 120 | . 26 10 . 84 Missed 22 | . 4 . . 18 Damage Taken 1725 | . 308 116 . 1301 Core 679 | . 98 13 . 568 Absorbed by Shields . | . . . . . Core Remaining (%) 77 | 100 . . 55 . Volleys Fired 93 | 13 47 13 . 20 Largest 2 | 2 2 2 . 2 Hottest 70 | 70 70 53 . 53 Shots Fired 185 | 26 94 25 . 40 Gun 163 | 26 94 23 . 20 Cannon . | . . . . . Launcher 22 | . . 2 . 20 Special . | . . . . . Kinetic 130 | 13 74 23 . 20 Thermal 33 | 13 20 . . . Explosive 22 | . . 2 . 20 Electromagnetic . | . . . . . Robot Hit Streak 18 | 7 18 15 . 17 Robot Miss Streak 7 | 2 7 1 . 2 Penetration Max . | . . . . . Secondary Targets 1 | . 1 . . . Max Gunslinging Chain 1 | . 1 . . . Shots Hit Robots 104 | 16 54 17 . 17 Core Hits 78 | 6 28 10 . 34 Critical Kills . | . . . . . Critical Parts Destroyed 1 | . . . . 1 Critical Strikes 3 | 1 1 . . 1 Burn 2 | 1 1 . . . Destroy 1 | . . . . 1 Melee Attacks . | . . . . . Impact . | . . . . . Slashing . | . . . . . Piercing . | . . . . . Sneak Attacks . | . . . . . Combat Hostiles . | . . . . . Follow-up Attacks . | . . . . . Damage Inflicted 2540 | 179 636 262 . 1463 Guns 1147 | 179 636 213 . 119 Cannons . | . . . . . Explosions 1393 | . . 49 . 1344 Melee . | . . . . . Ramming . | . . . . . Kinetic 809 | 55 422 213 . 119 Thermal 338 | 124 214 . . . Explosive 1393 | . . 49 . 1344 Electromagnetic . | . . . . . Impact . | . . . . . Slashing . | . . . . . Piercing . | . . . . . Highest Corruption 7 | . . . . 7 Average Corruption 7 | . . . . 7 Corruption Purged . | . . . . . Corruption Blocked . | . . . . . Effects 1 | . . . . 1 Heat Flow Errors 1 | . . . . 1 Overload Shots . | . . . . . Overflow Damage 12 | . . . . 12 Projectiles . | . . . . . Explosions 12 | . . . . 12 Melee . | . . . . . Knockbacks . | . . . . . Impact . | . . . . . Kinetic . | . . . . . Secondary . | . . . . . Self-Inflicted Damage 119 | . . 1 . 118 Shots 5 | . . 1 . 4 Rammed . | . . . . . Targets Rammed . | . . . . . Kicked . | . . . . . Crushed . | . . . . . Highest Temperature 170 | 110 170 15 . 152 Average Temperature 47 | 49 57 7 . 25 Received Heat Transfer 600 | . 201 48 . 351 Siege Activations . | . . . . . Robots Corrupted . | . . . . . Combat Hostiles . | . . . . . Parts Fried . | . . . . . Impact Corruptions . | . . . . . Robots Melted . | . . . . . Combat Hostiles . | . . . . . Parts Melted 4 | 1 3 . . . Heat Transferred 1147 | 444 703 . . . Parts Sabotaged . | . . . . . Parts Stolen . | . . . . . Parts Stripped . | . . . . . Power Chain Reactions . | . . . . . Alert | -11 -10 -10 -10 -8 ------- Run | Yrd Mat Min Sub Mat Peak Influence 580 | 20 210 192 . 580 Initial 47 | . 13 15 . 47 Average 130 | 9 74 121 . 262 Maximum Alert Level 2 | . 1 . . 2 Low Security (%) 84 | 100 99 100 . 46 Level 1 8 | . . . . 28 Level 2 7 | . . . . 24 Level 3 . | . . . . . Level 4 . | . . . . . Level 5 . | . . . . . High Security . | . . . . . Max Security . | . . . . . Squads Dispatched 3 | . . . . 3 Investigation 1 | . . . . 1 Extermination . | . . . . . Reinforcement 2 | . . . . 2 Assault . | . . . . . Garrison . | . . . . . Intercept . | . . . . . Searches Triggered . | . . . . . Construction Impeded . | . . . . . Haulers Reinforced . | . . . . . Active Scanning Responses . | . . . . . Cargo Convoy Interrupts . | . . . . . Stealth | -11 -10 -10 -10 -8 --------- Run | Yrd Mat Min Sub Mat Distress Signals 1 | . 1 . . . Communications Jammed . | . . . . . Distress Signals . | . . . . . Times Spotted 44 | . 14 5 5 20 Peak Tracking Total 8 | . 3 3 5 8 Tactical Retreats 2 | . 1 1 . . Traps | -11 -10 -10 -10 -8 ------- Run | Yrd Mat Min Sub Mat Traps Triggered 3 | . . . . 3 Indirectly . | . . . . . Trap Hack Attempts . | . . . . . Triggered . | . . . . . Disarmed . | . . . . . Reprogrammed . | . . . . . Reused . | . . . . . Traps Extracted . | . . . . . Installed . | . . . . . Triggered . | . . . . . Machines | -11 -10 -10 -10 -8 ---------- Run | Yrd Mat Min Sub Mat Machines Disabled 7 | . . 1 . 6 Max in Single Turn 1 | . . 1 . 1 Garrison Access 1 | . . . . 1 Machines Repaired . | . . . . . Machines Dismantled . | . . . . . Machines Sabotaged . | . . . . . Overloaded Fab Kills . | . . . . . Hacking | -11 -10 -10 -10 -8 --------- Run | Yrd Mat Min Sub Mat Machines Accessed 1 | . . . . 1 Terminals . | . . . . . Fabricators . | . . . . . Repair Stations . | . . . . . Recycling Units . | . . . . . Scanalyzers . | . . . . . Garrison Access 1 | . . . . 1 Total Hacks 2 | . . . . 2 Successful 2 | . . . . 2 Failed . | . . . . . Catastrophic . | . . . . . Database Lockouts . | . . . . . Manual . | . . . . . Terminals . | . . . . . Fabricators . | . . . . . Repair Stations . | . . . . . Recycling Units . | . . . . . Scanalyzers . | . . . . . Garrison Access 2 | . . . . 2 Terminal Hacks . | . . . . . Fabricator Hacks . | . . . . . Repair Station Hacks . | . . . . . Recycling Unit Hacks . | . . . . . Scanalyzer . | . . . . . Garrison Access Hacks 2 | . . . . 2 Seal Access 1 | . . . . 1 Coupler Status 1 | . . . . 1 Unauthorized Hacks . | . . . . . Terminals . | . . . . . Fabricators . | . . . . . Repair Stations . | . . . . . Recycling Units . | . . . . . Scanalyzers . | . . . . . Garrison Access . | . . . . . Data Cores Recovered 1 | . 1 . . . Used . | . . . . . Hacking Detections 1 | . . . . 1 Full Trace Events . | . . . . . Feedback Events . | . . . . . Feedback Blocked . | . . . . . Robot Schematics Acquired . | . . . . . Robots Built . | . . . . . Authchips . | . . . . . Time . | . . . . . Total Robot Build Rating . | . . . . . Part Schematics Acquired . | . . . . . Parts Built . | . . . . . Authchips . | . . . . . Time . | . . . . . Total Part Build Rating . | . . . . . Parts Repaired . | . . . . . Time . | . . . . . Parts Recycled . | . . . . . Recycled Matter . | . . . . . Retrieved Matter . | . . . . . Retrieved Components . | . . . . . Parts Scanalyzed . | . . . . . Part Schematics Acquired . | . . . . . Parts Damaged . | . . . . . Bothacking | -11 -10 -10 -10 -8 ------------ Run | Yrd Mat Min Sub Mat Used RIF Installer . | . . . . . Robots Hacked . | . . . . . Non-combat . | . . . . . Combat . | . . . . . Robot Hacks Applied . | . . . . . Relay Couplers Released . | . . . . . Fabnet Peak Effective % . | . . . . . Robots Rewired . | . . . . . Allies Hacked . | . . . . . Hacks Repelled . | . . . . . Allies | -11 -10 -10 -10 -8 -------- Run | Yrd Mat Min Sub Mat Total Allies . | . . . . . Largest Group . | . . . . . Highest-Rated Group . | . . . . . Highest-Rated Ally . | . . . . . Total Orders . | . . . . . Ally Attacks . | . . . . . Total Damage . | . . . . . Kills . | . . . . . Allies Corrupted . | . . . . . Allies Melted . | . . . . . Intel | -11 -10 -10 -10 -8 ------- Run | Yrd Mat Min Sub Mat Robot Analysis Total . | . . . . . Derelict Logs Recovered 1 | . . . 1 . Drone Launches . | . . . . . Drone Recoveries . | . . . . . Exploration | -11 -10 -10 -10 -8 ------------- Run | Yrd Mat Min Sub Mat Turns Passed 1433 | 116 631 200 96 390 Spaces Moved 995 | 72 410 125 74 314 Core 12 | 8 . . . 4 Treads . | . . . . . Legs . | . . . . . Wheels 983 | 64 410 125 74 310 Hover . | . . . . . Flight . | . . . . . Fastest Speed 50 | 50 80 80 80 50 Average Speed 84 | 76 80 86 80 94 Slowest Speed 100 | 80 80 95 80 100 Overloaded Moves . | . . . . . Propulsion Burnouts . | . . . . . Robots Hopped . | . . . . . Cave-ins Triggered . | . . . . . Exploration Rate (%) 25 | 5 53 25 7 37 Regions Visited 4 Branch Regions 2 Pre-discovered Areas . | . . . . . Known Exits Taken . | . . . . . Unknown Exits Taken 4 | 1 1 1 1 . Scrap Searched 1 | . . 1 . . Spaces Dug 10 | . . 10 . . Terrain Destroyed 130 | . . 13 . 117 Melee . | . . . . . Projectile . | . . . . . AOE 130 | . . 13 . 117 Terrain Rammed . | . . . . . Walls Destroyed . | . . . . . Machines Disabled . | . . . . . Actions | -11 -10 -10 -10 -8 --------- Run | Yrd Mat Min Sub Mat Total 1404 | 109 624 189 112 370 Wait 240 | 13 152 39 33 3 Move 991 | 71 409 124 73 314 Hop . | . . . . . Pick Up 35 | 6 8 3 3 15 Fast Attach 1 | . . . . 1 Attach 18 | 6 1 3 . 8 Detach 1 | . 1 . . . Swap 11 | . 3 6 . 2 Drop 14 | . 3 1 3 7 Fire 93 | 13 47 13 . 20 Melee . | . . . . . Ram . | . . . . . Kick . | . . . . . Crush . | . . . . . Escape Stasis . | . . . . . Rewire . | . . . . . Trap . | . . . . . Miscellaneous . | . . . . . Route ------- -11/Scrapyard -10/Materials (discovered 2 exits: [*Mat] / [*Min]) -10/Mines -10/Subcaves -8/Materials (discovered 1 exit: Sto) History --------- Turn | Location | Event 7 | -11/Scrapyard | Discovered new exit (range 16) 117 | -11/Scrapyard | Entered Materials 219 | -10/Materials | Discovered new exit (range 10) 257 | -10/Materials | Discovered new exit (range 10) 307 | -10/Materials | Build established: Mutant 748 | -10/Materials | Entered Mines 798 | -10/Mines | Discovered new exit (range 14) 858 | -10/Mines | Received a Rocket Launcher from a helpful Derelict 948 | -10/Mines | Entered Subcaves 1010 | -10/Subcaves | Discovered new exit (range 8) 1026 | -10/Subcaves | Ambushed by swarm of Subdwellers 1044 | -10/Subcaves | Entered Materials 1044 | -8/Materials | Evolved 4 slots: Utility x4 1045 | -8/Materials | Identified exit to Storage 1073 | -8/Materials | Lost 4 allies 1158 | -8/Materials | Build established: Scavenger-Mutant 1389 | -8/Materials | Core integrity fell below 50% 1410 | -8/Materials | Lost 9 parts (1p2n4u2w) 1417 | -8/Materials | Core integrity fell below 20% 1434 | -8/Materials | Destroyed by X-62 Marksman with Gauss Rifle Last Messages --------------- 01416_ Penetrated by Slug. 01421_ Acquired 1 matter. 01423_ U-05 Engineer lays Concrete. 01424_ Slug penetrates Earth. 01424_ U-05 Engineer lays Concrete. 01425_ System corrupted: Heat flow error (+183). 01425_ The unstable cave ceiling collapses. 01425_ K-01 Serf collects debris. 01426_ U-05 Engineer lays Concrete. 01426_ T-07 Excavator is excavating. 01428_ K-01 Serf collects debris. 01428_ U-05 Engineer builds a Wall. 01430_ Penetrated by Slug. 01430_ Critical hit (Destroy). 01430_ Arm. Wheel destroyed. 01430_ K-01 Serf collects debris. 01431_ T-07 Excavator is excavating. 01432_ U-05 Engineer builds a Wall. 01432_ K-01 Serf collects debris. 01434_ Penetrated by Slug. Map ----- +----------------------------------------------------+ | ########### ## #?#?????????????????? | | ## ##??????????????????? | | # """ #??#????????????????? | | """ #?##????????????????? | | "" #???????????????????? | | = " #?#?????#???????????? | | ## ###+#+### ##??????????????????? | | ## ## ### #???????????????????? | | ## ## """ ""###+# ######??????????????????? | | ?# #? """ T"# #?#?????????????????? | | ? # """ ""# #? ????????????? | | # # # ## /// # ??????????? | | + T # """ # ## /// # ?????????? | | # # """ # /// # ?????????? | | # # """?? ?# k #! ??????????? | | ## ##? ?????####r######## ####+##????? | | ?# #???#?##??## #####u ## #????? | | ?# ?#?##?#???## ## #????? | | ???? ????#???#?## #? +????? | | ???????????####?# # ] ##? ?????? | | ?????#????????#?###### ### #?????? | | ????????? ?????#?##### #### #?????? | | ??????????"? ?## #???# ^"" # ## #?????? | | ?????????"? ?#?# ?# % #?????? | | ?????????"????# # k [ ## ####??? | | ???????????????# tk %@ g #??? | | ??????? "?? ??### # % #??? | | ????????????? ########### # ## #+#####? | | ??????????? ????##??##### # ## #? | | ??????????? ???####?#???# ! *## # # "" " #? | | ?????????????#?#??#??#### !! ### ##### """"" #? | | ??????????????#?#?#?###?# =! #####?#?#[ """"" #? | | ??????????????##?#?#????# ! #??##???# #? | | ????????????????###???#?# #???????#[& &" " #? | | ?????????????#?##?#??#??########?#?#???# "G" #? | | ?????????????????#????????##???#?##???## """ #? | | ?????????????????#?##??#?#?????????#???# #? | | ???????????????#?????#?#??#???#???##?#?##########? | | ??????????????????##??????????#??#?#?#???????????? | | ????????????????????#???##????????#??????????????? | | ?????????????????????????#?#?????????????????????? | | | | | | | | | | | | | | | | | | | +----------------------------------------------------+ Best States ------------- Heat Dissipation 39 Energy Generation 14 Energy Capacity 250 Matter Stores 300 Matter Capacity 300 Sight Range 16 Terrain Scan Range 16 Terrain Scan Density 85 Armor Coverage 800 Melee Speed Boost 20 Evasion (%) 50 Armor Integrity Analysis 30 Kinecelleration 30 Item Schematics ----------------- None Robot Schematics ------------------ None Fabricated ------------ Nothing Alien Tech Used ----------------- None Achievements -------------- None Challenges ------------ None Game ------ Seed ConcussiveTeslaCannon Manual? 0 Play Time 00:20:34 Cumulative 25.2 hours Start 2024.04.07 @ 12:50:10 End 2024.04.07 @ 13:08:20 Sessions 1 Manual Loads 0 Difficulty Rogue Special Mode None Game No. 51 Rogue 51 Adventurer 0 Explorer 0 Win Type - Total 0 Types 0/0/0/0/0/0/0/0/0 Lore% 16 Gallery% 30 Achievement% 22 Wizard Run 0 Options --------- Layout 1 ASCII 0 Keyboard 0 Movement Mouse Keybinds 0 Fullscreen 1 Font 24/Smallcaps Map View 50x35 Zoom Use 0% Tactical HUD 1 Map Filters NONE Filters NONE Steam 1 RUN: 9be8c52c-d31f-40ac-936f-dd4131ecaef1